 Dungeon Crawl Stone Soup version 0.29-a0-356-g7bc237e783 (webtiles) character file.

Game seed: 5370515754617709036

11039 Hubjo the Thaumaturge (level 11, -8/67 HPs)
             Began as a Deep Elf Fire Elementalist on Apr 26, 2022.
             Was an Elder of Nemelex Xobeh.
             Killed from afar by a steam dragon (20 damage)
             ... with a ball of steam
             ... on level 2 of the Lair of Beasts.
             The game lasted 00:38:20 (14985 turns).

Hubjo the Thaumaturge (Deep Elf Fire Elementalist) Turns: 14985, Time: 00:38:24

Health: -8/67      AC:  3    Str:  5      XL:     11   Next: 44%
Magic:  22/28      EV: 21    Int: 20 (21) God:    Nemelex Xobeh [****..]
Gold:   347        SH:  0    Dex: 19      Spells: 6/33 levels left

rFire   . . .      SeeInvis .   B - +2 short sword (freeze)
rCold   + . .      Faith    .   (no shield)
rNeg    . . .      Spirit   .   (no body armour)
rPois   +          Reflect  .   n - +2 helmet
rElec   .          Harm     .   (no cloak)
rCorr   .          Rampage  .   (no gloves)
Will    +....                   (no boots)
Stlth   +++++.....              E - amulet of regeneration
HPRegen 1.01/turn               e - +4 ring of evasion
MPRegen 0.21/turn               q - +4 ring of evasion

@: about to teleport
A: cold resistance 1, poison resistance, subdued magic 1, noise suppression
a: Renounce Religion, Draw Escape, Draw Destruction, Draw Summoning, Triple
Draw, Deal Four


You were on level 2 of the Lair of Beasts.
You worshipped Nemelex Xobeh.
Nemelex Xobeh was greatly pleased with you.
You visited 2 branches of the dungeon, and saw 11 of its levels.

You collected 971 gold pieces.
You spent 624 gold pieces at shops.

Inventory:

Hand Weapons
 c - a +3 flail
 h - a +0 dagger
 o - a +1 dagger of electrocution
 v - a +4 halberd
 A - a +2 flail of holy wrath
 B - a +2 short sword of freezing (weapon)
 C - a +1 short sword of electrocution
 G - the +9 hunting sling "Omuta" {vorpal, Drain rCorr Str+3 Dex+2}
   (You found it on level 1 of the Lair of Beasts)

   Any ammunition fired from it inflicts extra damage upon your enemies.
   Str:       It affects your strength (+3).
   Dex:       It affects your dexterity (+2).
   rCorr:     It protects you from acid and corrosion.
   Drain:     It drains your maximum health when unequipped.
Missiles
 t - a throwing net
 I - 6 curare-tipped darts (quivered)
Armour
 a - a +0 robe
 j - a +2 scale mail of cold resistance
 n - a +2 helmet (worn)
 x - a +2 chain mail of willpower
 y - +1 steam dragon scales
 L - the +4 ring mail "Xeipie" {rElec rN+}
   (You found it on level 1 of the Lair of Beasts)

   rElec:     It insulates you from electricity.
   rN:        It protects you from negative energy.
Jewellery
 e - a +4 ring of evasion (left hand)
 g - a ring of fire
 m - a ring of protection from fire
 p - a ring of ice
 q - a +4 ring of evasion (right hand)
 z - a ring of positive energy
 E - an amulet of regeneration (around neck)
Wands
 d - a wand of flame (21)
 i - a wand of digging (7)
 r - a wand of acid (17)
 w - a wand of iceblast (13)
 H - a wand of mindburst (4)
Scrolls
 f - 4 scrolls of enchant weapon
 k - a scroll of vulnerability
 l - 3 scrolls of noise
 D - 2 scrolls of teleportation
Potions
 b - 2 potions of magic
 s - 2 potions of might
 u - 3 potions of attraction
 F - 2 potions of mutation
 J - 2 potions of degeneration
Miscellaneous
 K - a piece from Xom's chessboard (15/15)


   Skills:
 + Level 7.4 Fighting
 - Level 2.4 Dodging
 + Level 11.5 Stealth
 + Level 11.6 Spellcasting
 - Level 1.1 Conjurations
 - Level 2.6 Summonings
 * Level 7.8 Transmutations
 - Level 8.2 Fire Magic


You had 6 spell levels left.
You knew the following spells:

 Your Spells              Type           Power      Damage    Failure   Level
a - Foxfire               Conj/Fire      92%        2x1d8     1%          1
b - Flame Wave            Conj/Fire      23%        2d7       7%          4
c - Summon Hydra          Summ           8%         N/A       100%        7
d - Storm Form            Tmut/Air       10%        N/A       100%        7
e - Necromutation         Tmut/Necr      10%        N/A       100%        8

Your spell library contained the following spells:

 Spells                   Type           Power      Damage    Failure   Level
 Scorch                   Fire           68%        2d8       1%          2
 Wereblood                Tmut           32%        N/A       1%          2
 Conjure Flame            Conj/Fire      23%        6-21      1%          3
 Magic Dart               Conj           48%        1d5       2%          1
 Call Imp                 Summ           17%        N/A       2%          2
 Inner Flame              Hex/Fire       21%        N/A       2%          3
 Spider Form              Tmut/Pois      20%        N/A       2%          3
 Animate Skeleton         Necr           16%        N/A       4%          1
 Slow                     Hex            32%        N/A       4%          1
 Blink                    Tloc           16%        N/A       7%          2
 Ensorcelled Hibernation  Hex/Ice        16%        N/A       7%          2
 Sublimation of Blood     Necr           8%         N/A       7%          2
 Mephitic Cloud           Conj/Pois/Air  10%        N/A       13%         3
 Confusing Touch          Hex            8%         N/A       16%         3
 Vampiric Draining        Necr           8%         2d6       16%         3
 Anguish                  Hex/Necr       4%         N/A       47%         4
 Borgnjor's Vile Clutch   Necr/Erth      4%         N/A       83%         5
 Manifold Assault         Tloc           8%         N/A       83%         5
 Statue Form              Tmut/Erth      13%        N/A       86%         6


Dungeon Overview and Level Annotations

Branches:
Dungeon (9/15)             Temple (0/1) D:7            Lair (1/6) D:9
    Orc: D:9-12

Altars:
Gozag
Makhleb
Nemelex Xobeh
Yredelemnul
The Shining One

Shops:
D:3 [=   D:7 :


Innate Abilities, Weirdness & Mutations

Your flesh is cold resistant. (rC+)
Your system is resistant to poisons. (rPois)
Your spells are a little easier to cast, but a little less powerful.
You passively dampen the noise of your surroundings.


Message History

You hit the scorpion. You freeze the scorpion.
You kill the scorpion!
The bullfrog returns to its original shape as it dies.
The steam dragon is no longer moving slowly.
The scorpion completely misses you. x2
You hit the steam dragon. You freeze the steam dragon.
The steam dragon is moderately wounded.
The bullfrog barely misses you. The steam dragon bites you!
The steam dragon claws you but does no damage.
The scorpion stings you but does no damage.
The bullfrog completely misses you.
You closely miss the steam dragon.
The steam dragon is moderately wounded.
The bullfrog barely misses you. The steam dragon breathes steam at you.
The ball of steam hits you!
The ball of steam hits the fungus!
The fungus begins to die.
The scorpion closely misses you. The bullfrog closely misses you.
The steam dragon bites you. The steam dragon claws you.
As you read the scroll of teleportation, it crumbles to dust.
You feel strangely unstable.
The fungus is engulfed in a cloud of scalding steam.
The scorpion is engulfed in a cloud of scalding steam.
The scorpion misses you. The bullfrog misses you.
The scorpion is engulfed in a cloud of scalding steam.
The scorpion dies!
The steam dragon bites you. The steam dragon completely misses you.
You hit the steam dragon. You freeze the steam dragon.
The steam dragon is moderately wounded.
You are engulfed in a cloud of scalding steam.
* * * LOW HITPOINT WARNING * * *
The fungus is engulfed in a cloud of scalding steam.
The bullfrog snags a nearby moth with its tongue.
The bullfrog hits you.
* * * LOW HITPOINT WARNING * * *
The bullfrog barely misses you. The steam dragon breathes steam at you.
The ball of steam hits you!!
You die...
Your body glows with a rainbow of weird colours and disappears.

...........
#..........
##..........
..........#
........
#..... #.S.#
#DF## ##@§##
#.§§# ##§P#
#..# ##
##.## #.#
#P..####...
##..#......
####
#.#..#.....
#..####....#
...


You could see a steam dragon (catching breath, misshapen), a water moccasin
(misshapen) and a bullfrog.

Vanquished Creatures
  A gargoyle (D:8)
  5 komodo dragons
  2 blink frogs
  A hornet (D:9)
  13 yaks
  3 steam dragons
  A basilisk (D:9)
  A wyvern (D:8)
  3 water moccasins
  2 swamp drakes
  A sky beast (D:7)
  An ice beast (D:6)
  An orc warrior (D:8)
  5 wolves
  3 centaurs
  2 phantoms (D:6)
  2 kobold brigands
  3 bullfrogs
  A gnoll sergeant (D:7)
  4 scorpions
  7 wights (D:8)
  A killer bee (Lair:1)
  6 howler monkeys
  2 gnoll shamans
  11 hounds
  5 orc priests
  3 iguanas
  Terence (D:3)
  2 orc wizards
  33 gnolls
  10 adders
  A shadow imp (D:7)
  A white imp (D:6)
  An ufetubus (D:5)
  A worm (D:3)
  A dart slug (D:5)
  26 orcs
  7 ball pythons
  9 bats
  6 endoplasms
  A giant cockroach (D:4)
  2 goblins
  6 hobgoblins
  3 jackals
  2 quokkas
  3 frilled lizards
  9 kobolds
  6 rats
  3 butterflies (Lair:1)
224 creatures vanquished.

Vanquished Creatures (collateral kills)
  A catoblepas (D:9)
  A wyvern (D:9)
  8 yaks (D:9)
  An orc warrior (D:7)
  A bullfrog (D:9)
  3 killer bees (D:8)
  A hound (D:5)
  2 orc priests
  2 orc wizards
  7 orcs
  2 kobolds (D:8)
  A foxfire (Lair:1)
30 creatures vanquished.

Vanquished Creatures (others)
  A scorpion (Lair:2)
  A wight (D:8)
  1329 foxfires
  3 fungi (Lair:2)
  5 plants
1339 creatures vanquished.

Grand Total: 1593 creatures vanquished

Notes
Turn   | Place    | Note
-------+----------+-------------------------------------------
     0 | D:1      | Hubjo the Deep Elf Fire Elementalist began the quest for
                  | the Orb.
     0 | D:1      | Reached XP level 1. HP: 10/10 MP: 6/6
   451 | D:1      | Reached XP level 2. HP: 9/16 MP: 5/8
   936 | D:1      | Found a faded altar of an unknown god.
   940 | D:1      | Prayed at the altar of an unknown god.
   940 | D:1      | Became a worshipper of Nemelex Xobeh the Trickster
   940 | D:1      | Reached * piety under Nemelex Xobeh
   940 | D:1      | Received a gift from Nemelex Xobeh
   959 | D:1      | Reached skill level 1 in Fighting
  1710 | D:2      | Reached XP level 3. HP: 20/20 MP: 2/9
  2001 | D:2      | Reached XP level 4. HP: 21/26 MP: 4/11
  3214 | D:3      | Found Iniocopt's Armour Shop.
  3224 | D:3      | Reached XP level 5. HP: 31/31 MP: 7/13
  3674 | D:3      | Reached ** piety under Nemelex Xobeh
  3907 | D:3      | Found Bikk's Jewellery Boutique.
  4018 | D:3      | Noticed Terence
  4026 | D:3      | Killed Terence
  4027 | D:3      | Reached XP level 6. HP: 36/36 MP: 7/15
  4394 | D:4      | Reached skill level 5 in Spellcasting
  5056 | D:4      | Reached skill level 5 in Stealth
  5056 | D:4      | Reached skill level 5 in Fire Magic
  5273 | D:5      | Entered Level 5 of the Dungeon
  5274 | D:5      | Gained mutation: You have a pair of small antennae on your
                  | head. [potion of mutation]
  5275 | D:5      | Lost mutation: You have a pair of small antennae on your
                  | head. [potion of mutation]
  5275 | D:5      | Gained mutation: Your system is resistant to poisons.
                  | (rPois) [potion of mutation]
  5275 | D:5      | Gained mutation: Your spells are a little easier to cast,
                  | but a little less powerful. [potion of mutation]
  5275 | D:5      | Gained mutation: You passively dampen the noise of your
                  | surroundings. [potion of mutation]
  5275 | D:5      | Gained mutation: Your flesh is cold resistant. (rC+)
                  | [potion of mutation]
  5299 | D:5      | Reached XP level 7. HP: 24/41 MP: 17/17
  5446 | D:5      | Learned a level 4 spell: Flame Wave
  6283 | D:5      | Reached *** piety under Nemelex Xobeh
  6654 | D:5      | Received a gift from Nemelex Xobeh
  6807 | D:5      | Noticed a wyvern
  6807 | D:5      | a gnoll changed into a wyvern
  6808 | D:5      | a wyvern changed into a bat
  7126 | D:6      | Found a glowing golden altar of the Shining One.
  7138 | D:6      | Found a basalt altar of Yredelemnul.
  7309 | D:6      | Found a burning altar of Makhleb.
  7362 | D:6      | Received a gift from Nemelex Xobeh
  7591 | D:6      | Reached XP level 8. HP: 48/48 MP: 14/19
  8722 | D:6      | Found an opulent altar of Gozag.
  8824 | D:6      | Noticed an angel
  8832 | D:6      | Noticed a profane servitor
  8998 | D:7      | You fall into a shaft and drop 1 floor!
  8998 | D:8      | Noticed a gargoyle
  8998 | D:8      | Reached **** piety under Nemelex Xobeh
  9021 | D:8      | Killed a gargoyle
  9022 | D:8      | Reached skill level 5 in Fighting
  9022 | D:8      | Reached XP level 9. HP: 22/54 MP: 16/23
  9552 | D:7      | Received a gift from Nemelex Xobeh
 10346 | D:7      | Received a gift from Nemelex Xobeh
 10346 | D:7      | Found a staircase to the Ecumenical Temple.
 10366 | D:7      | Learned a level 7 spell: Summon Hydra
 10374 | D:7      | Learned a level 7 spell: Storm Form
 10510 | D:7      | Found Nioc's Book Shoppe.
 10534 | D:7      | Reached skill level 1 in Summonings
 11350 | D:8      | Reached XP level 10. HP: 60/60 MP: 19/25
 11590 | D:9      | Reached skill level 1 in Transmutations
 11718 | D:9      | Reached skill level 10 in Spellcasting
 11762 | D:9      | Reached skill level 10 in Stealth
 12090 | D:9      | Received a gift from Nemelex Xobeh
 12214 | D:9      | Reached skill level 5 in Transmutations
 12520 | D:7      | Bought the Almanac of Darkness and the Rocks for 624 gold
                  | pieces
 12539 | D:7      | Learned a level 8 spell: Necromutation
 12760 | D:9      | Found a staircase to the Lair.
 13085 | Lair:1   | Entered Level 1 of the Lair of Beasts
 13174 | Lair:1   | Reached XP level 11. HP: 33/67 MP: 28/28
 13296 | Lair:1   | Received a gift from Nemelex Xobeh
 13939 | Lair:1   | Noticed a catoblepas
 14063 | D:9      | Killed a catoblepas
 14789 | Lair:1   | Identified the +9 hunting sling "Omuta" {vorpal, Drain
                  | rCorr Str+3 Dex+2}
 14795 | Lair:1   | Identified the +4 ring mail "Xeipie" {rElec rN+}
 14851 | Lair:1   | You fall into a shaft and drop 1 floor!
 14985 | Lair:2   | Killed from afar by a steam dragon

Illustrated notes

Levels and vault maps discovered:
D:1:      dpeg_arrival_shrine, layout_basic,
          shapermc_ecumenical_altar_mp_vishouse, chequers_arboretum
D:2:      layout_loops_ring, guppyfry_early_lair_pool
D:3:      layout_rooms, serial_shops, shop, shop, uniq_terence
D:4:      layout_cave_pools
D:5:      layout_loops_cross, kennysheep_cross_bottleneck
D:6:      layout_layer_cave, grunt_temple_overflow_holy_war, kennysheep_mini,
          makhleb_blood_cavern_becter, grunt_ministairs_15
D:7:      layout_cave_pools, minmay_temple_entry_offerings, serial_gnoll_camp,
          gnoll_camp_mini_shop, gnoll_camp_mini_loothouse,
          gnoll_camp_mini_house, gnoll_camp_mini_hut
D:8:      layout_rooms, kennysheep_generic_room_8
D:9:      layout_cave_pools, erik_lair_dragon, minmay_misc_feat_five
Lair:1:   layout_small_grid, chequers_serial_rivers_micro_a, grunt_megastairs_4,
          lemuel_fruit_fields, lemuel_fruit_fields
Lair:2:   layout_cave_pods, chequers_serial_rivers_micro_d

Skill      XL: |  1  2  3  4  5  6  7  8  9 10 11 |
---------------+----------------------------------+-----
Fighting       | 1 2 3 4 5 6 7 |  7.4
Stealth        | 3 4 5 6 8 9 10 11 | 11.5
Spellcasting   | 4 5 6 8 9 11 | 11.6
Fire Magic     | 4 5 7 8 |  8.2
Summonings     | 2 |  2.6
Transmutations | 6 7 |  7.8
Dodging        | |  2.4
Conjurations   | |  1.1

Action                   |  1- 3 |  4- 6 |  7- 9 | 10-12 || total
-------------------------+-------+-------+-------+-------++-------
Melee: Unarmed           |    13 |       |       |       ||    13
       Dagger            |    15 |    52 |     6 |       ||    73
       Short sword       |       |       |    98 |   199 ||   297
       Punch             |       |       |     2 |     5 ||     7
Throw: Dart              |       |       |       |    10 ||    10
 Cast: Foxfire           |   102 |   165 |   404 |   150 ||   821
       Flame Wave        |       |       |     4 |     3 ||     7
Invok: Draw Destruction  |       |     2 |     2 |    16 ||    20
       Draw Summoning    |       |       |     6 |     3 ||     9
       Draw Escape       |       |       |     2 |       ||     2
       Deal Four         |       |       |     1 |     1 ||     2
       Triple Draw       |       |       |     1 |       ||     1
Evoke: Wand              |       |       |     3 |       ||     3
  Use: Scroll            |     5 |     2 |     6 |     5 ||    18
       Potion            |       |     5 |    12 |     2 ||    19
 Stab: Sleeping          |     1 |       |     2 |     1 ||     4
       Invisible         |       |       |     1 |       ||     1
       Confused          |       |       |       |     1 ||     1
Armor: Robe              |     5 |    14 |    14 |       ||    33
       Skin              |       |       |    31 |     2 ||    33
       Steam dragon scal |       |       |     1 |    30 ||    31
Dodge: Dodged            |    20 |    66 |   242 |   229 ||   557

Table legend: (Time is in decaauts)
 A = Elapsed time spent in this place.
 B = Non-inter-level travel time spent in this place.
 C = Inter-level travel time spent in this place.
 D = Time resting spent in this place.
 E = Time spent auto-exploring this place.
 F = Levels seen in this place.
 G = Mean time per level.
                   A        B        C        D        E       F      G
               +--------+--------+--------+--------+--------+-----+--------+
         Total |  15044 |  14383 |    661 |    550 |  11269 |  11 | 1367.6 |
       Dungeon |  13249 |  12727 |    522 |    409 |  10153 |   9 | 1472.1 |
          Lair |   1794 |   1655 |    139 |    141 |   1116 |   2 |  897.0 |
               +--------+--------+--------+--------+--------+-----+--------+

Top non-repeatable levels by time:
     D:1: 1886 daAuts
     D:6: 1877 daAuts
     D:5: 1732 daAuts
  Lair:1: 1659 daAuts
     D:7: 1622 daAuts
     D:9: 1518 daAuts
     D:2: 1469 daAuts
     D:8: 1218 daAuts
     D:4: 993 daAuts
     D:3: 931 daAuts
  Lair:2: 134 daAuts
